 Dungeon Crawl Stone Soup version 0.27-a0-93-g19769c27d7 (webtiles) character file.

Game seed: 17943868856765252892

252047 dickylongcocking the Wrestler (level 19, -3/174 HPs)
             Began as a Troll Fighter on Jan 16, 2021.
             Was an Initiate of Gozag.
             Slain by a 16-headed hydra (11 damage)
             ... on level 4 of the Swamp.
             The game lasted 01:03:21 (40412 turns).

dickylongcocking the Wrestler (Troll Fighter)      Turns: 40412, Time: 01:03:21

Health: -3/174     AC: 20    Str: 40    XL:     19   Next: 34%
Magic:  22/27      EV: 18    Int:  4    God:    Gozag
Gold:   7713       SH: 32    Dex: 19    Spells: 18/18 levels left

rFire    + . .     SeeInvis .     - Unarmed
rCold    + + .     Faith    .   X - +8 tower shield {rF+}
rNeg     . . .     Spirit   .   E - +1 ice dragon scales
rPois    +         Reflect  .   V - +0 hat "Tyriskusk" {Slay+3}
rElec    .         Harm     .   J - +2 cloak {Stlth+}
rCorr    .         Rampage  .   (gloves unavailable)
Will     +....                  (boots unavailable)
Stlth    ++........             b - amulet "Daner" {rPois Regen+ Str+8 Dex-2}
HPRegen  1.19/turn              P - ring "Zaocab" {+Inv rF+ MP+9 Str+3}
MPRegen  0.20/turn              j - +6 ring of dexterity

@: lethally poisoned (-3 -> -4), gold aura, very slightly contaminated,
invisible
A: large, unfitting armour, claws 3, thin metallic scales 1, blink, sense
surroundings 1, regeneration 1, shaggy fur 1, tough skin 3, MP-powered wands
}: 1/15 runes: decaying
a: Blink, Renounce Religion, Evoke Invisibility, Potion Petition, Call Merchant,
Bribe Branch


You were on level 4 of the Swamp.
You worshipped Gozag.
Gozag was greatly pleased with you.
You visited 7 branches of the dungeon, and saw 35 of its levels.
You visited the Abyss 1 time.
You also visited: Gauntlet and Ice Cave.

You collected 15740 gold pieces.
You spent 1930 gold pieces at shops.
You paid 6097 gold pieces to Gozag.

Inventory:

Missiles
 f - 66 boomerangs
 k - 42 javelins
 q - 6 throwing nets
 v - 21 large rocks (quivered)
Armour
 z - the +0 robe "Kelasotu" {rF+ rC- Str+3 Int+3}
   (You found it on level 5 of the Dungeon)

   It affects your strength (+3).
   It affects your intelligence (+3).
   It protects you from fire.
   It makes you vulnerable to cold.
 E - +1 ice dragon scales (worn)
 J - a +2 cloak of stealth (worn)
 V - the +0 hat "Tyriskusk" (worn) {Slay+3}
   (You bought it in a shop on level 12 of the Dungeon)

   It affects your accuracy and damage with ranged weapons and melee attacks
   (+3).
 X - a +8 tower shield of fire resistance (worn)
 Y - the +5 kite shield of Sif Muna's Whim {+Blink +Fly Int-2 SInv}
   (You found it in an ice cave)

   It affects your intelligence (-2).
   It lets you see invisible.
   It lets you fly.
   It lets you blink.
Jewellery
 b - the amulet "Daner" (around neck) {rPois Regen+ Str+8 Dex-2}
   (You found it on level 1 of the Swamp)

   [amulet of regeneration]

   It affects your strength (+8).
   It affects your dexterity (-2).
   It protects you from poison.
   It increases your rate of regeneration.
 d - an uncursed ring of positive energy
 j - a +6 ring of dexterity (right claw)
 l - an uncursed ring of positive energy
 D - an uncursed ring of poison resistance
 I - an uncursed ring of protection from cold
 K - an uncursed amulet of regeneration
 L - an uncursed ring of flight
 N - an uncursed ring of protection from fire
 P - the ring "Zaocab" (left claw) {+Inv rF+ MP+9 Str+3}
   (You found it in a Gauntlet)

   [ring of protection from fire]

   It affects your strength (+3).
   It protects you from fire.
   It affects your magic capacity (+9).
   It lets you turn invisible.
 R - an uncursed amulet of reflection
 S - an uncursed ring of willpower
Wands
 n - a wand of flame (51)
 s - a wand of random effects (80)
 O - a wand of disintegration (22)
 U - a wand of iceblast (23)
Scrolls
 e - 24 scrolls of identify
 h - 6 scrolls of fog
 i - 5 scrolls of magic mapping
 p - 9 scrolls of remove curse
 u - 7 scrolls of blinking
 y - 14 scrolls of amnesia
 A - 7 scrolls of enchant armour
 C - a scroll of holy word
 F - 8 scrolls of teleportation
 Z - 2 scrolls of silence
Potions
 c - 3 potions of might
 g - 10 potions of curing
 m - 2 potions of lignification
 o - 2 potions of ambrosia
 r - a potion of magic
 t - 9 potions of haste
 w - 4 potions of attraction
 x - 2 potions of mutation
 B - a potion of invisibility
 H - 8 potions of brilliance
 Q - 4 potions of resistance
 T - 4 potions of flight
Miscellaneous
 M - a phantom mirror (inert)


   Skills:
 * Level 7.7 Fighting
 - Level 3.4 Throwing
 - Level 3.1 Armour
 - Level 12.7 Dodging
 - Level 5.1 Stealth
 - Level 15.2 Shields
 - Level 21.6 Unarmed Combat
 * Level 4.6 Evocations


You had 18 spell levels left.
You didn't know any spells.
Your spell library contained the following spells:

 Spells                   Type           Power        Failure   Level
 Apportation              Tloc           0%           73%         1
 Foxfire                  Conj/Fire      0%           73%         1
 Magic Dart               Conj           0%           73%         1
 Pain                     Necr           0%           73%         1
 Sting                    Tmut/Pois      0%           73%         1
 Summon Small Mammal      Summ           0%           73%         1
 Blink                    Tloc           N/A          86%         2
 Call Imp                 Summ           0%           86%         2
 Corpse Rot               Necr/Air       N/A          86%         2
 Ensorcelled Hibernation  Hex/Ice        0%           86%         2
 Passwall                 Tmut/Erth      0%           86%         2
 Poisonous Vapours        Pois/Air       0%           86%         2
 Slow                     Hex            0%           86%         2
 Sublimation of Blood     Necr           0%           86%         2
 Swiftness                Air            0%           86%         2
 Call Canine Familiar     Summ           0%           97%         3
 Confusing Touch          Hex            0%           97%         3
 Conjure Flame            Conj/Fire      0%           97%         3
 Gell's Gravitas          Tloc           0%           97%         3
 Ignite Poison            Fire/Tmut/Pois 0%           97%         3
 Lesser Beckoning         Tloc           0%           97%         3
 Mephitic Cloud           Conj/Pois/Air  0%           97%         3
 Summon Guardian Golem    Hex/Summ       0%           97%         3
 Tukima's Dance           Hex            0%           97%         3
 Animate Dead             Necr           0%           100%        4
 Cause Fear               Hex            0%           100%        4
 Dispel Undead            Necr           0%           100%        4
 Olgreb's Toxic Radiance  Pois           0%           100%        4
 Passage of Golubria      Tloc           N/A          100%        4
 Petrify                  Tmut/Erth      0%           100%        4
 Summon Ice Beast         Ice/Summ       0%           100%        4
 Summon Lightning Spire   Summ/Air       0%           100%        4
 Agony                    Necr           0%           100%        5
 Alistair's Intoxication  Tmut/Pois      0%           100%        5
 Bolt of Magma            Conj/Fire/Erth 0%           100%        5
 Borgnjor's Vile Clutch   Necr/Erth      0%           100%        5
 Excruciating Wounds      Necr           0%           100%        5
 Irradiate                Conj/Tmut      0%           100%        5
 Iskenderun's Battlesphe  Conj           0%           100%        5
 Lee's Rapid Deconstruct  Erth           0%           100%        5
 Metabolic Englaciation   Hex/Ice        0%           100%        5
 Silence                  Hex/Air        0%           100%        5
 Yara's Violent Unravell  Hex/Tmut       0%           100%        5
 Death Channel            Necr           0%           100%        6
 Eringya's Noxious Bog    Tmut/Pois      0%           100%        6
 Invisibility             Hex            0%           100%        6
 Iron Shot                Conj/Erth      0%           100%        6
 Shadow Creatures         Summ           N/A          100%        6
 Dragon Form              Tmut           0%           100%        7
 Orb of Destruction       Conj           0%           100%        7
 Spellforged Servitor     Conj/Summ      0%           100%        7
 Dragon's Call            Summ           0%           100%        9


Dungeon Overview and Level Annotations

Branches:
Dungeon (15/15)            Temple (0/1) D:7            Lair (6/6) D:8
  Swamp (4/4) Lair:3       Spider (4/4) Lair:2        Slime (1/5) Lair:5
    Orc (2/2) D:10            Elf (3/3) Orc:2        Vaults (0/5) D:14
 Depths (0/5) D:15          IceCv (visited)         Gauntlet (visited)

Altars:
Cheibriados
Dithmenos
Elyvilon
Gozag
Kikubaaqudgha
Nemelex Xobeh
Okawaru
Qazlal
Ru
Trog
Wu Jian
Xom
Zin
The Shining One
Beogh
Jiyva

Shops:
D:5 }!!   D:8 ?   D:9 *   D:11 }   D:12 ?*}[   Orc:1 =   Orc:2 ([[(
Elf:1 (***   Lair:2 *   Lair:4 *   Lair:6 *?

Portals:
Abyss: Swamp:3
Trove: Elf:1 (show slimy rune of Zot)

Annotations:
Swamp:2 3 runed translucent doors, Pajeoledgh's ghost, adept DDFi
Swamp:3 2 transporters, SkiChan's ghost, adept MiBe
Swamp:4 mortress's ghost, adept GnTm
Elf:2 3 runed translucent doors


Innate Abilities, Weirdness & Mutations

You are too large for most types of armour.
You have claws for hands.
Your natural rate of healing is unusually fast.
You are covered in fur. (AC +1)
You have extremely tough skin. (AC +3)
You are partially covered in thin metallic scales. (AC +2)
You can translocate small distances at will.
You passively map a small area around you.
You expend magic power (3 MP) to strengthen your wands.


Message History

Unknown command.
Unknown command.
Unknown command.
Okay, then.
Unknown command.
As you read the scroll of summoning, it crumbles to dust.
Wisps of shadow whirl around you...
You feel sick. You block the 16-headed hydra's attack.
The 16-headed hydra bites you but does no damage.
You block the 16-headed hydra's attack. The 16-headed hydra bites you.
* * * LOW HITPOINT WARNING * * *
You block the 16-headed hydra's attack. x2; The 16-headed hydra bites you!
* * * LOW HITPOINT WARNING * * *
The 16-headed hydra closely misses you. You block the 16-headed hydra's attack.
The 16-headed hydra closely misses you.
The 16-headed hydra barely misses you. x2
The 16-headed hydra bites you.
* * * LOW HITPOINT WARNING * * *
The 16-headed hydra misses you. The 16-headed hydra bites you!
You die...
Your body crumbles into a pile of gold.

♣♣♣♣♣ #..≈..♣#..≈≈≈.≈..≈≈
##♣P.##.≈..♣##..≈.#.##..
#P..=!##.≈≈.♣.#..#######
♣!....♣#♣.)≈♣#..##♣♣....
#♣..)..♣#♣♣≈≈♣..##♣≈.§≈☼.
#≈)....≈#♣♣≈≈.≈.≈....≈§§.
##.....##i☼♣≈♣♣.♣.≈≈.≈≈..
♣##''$##x..≈♣.♣♣..≈......
♣.....wD@..≈≈.....≈....≈.
♣♣≈...≈W≈..≈...≈≈≈≈≈.≈...
♣♣.≈.≈.≈≈♣.......≈≈.≈.≈≈.
♣......≈.≈≈≈.≈.≈.≈.......
♣♣.≈≈..≈...§...≈.≈.....≈≈
♣.≈....§....≈≈.≈≈.≈...≈≈
♣♣.♣≈.≈.....♣....≈..≈.≈≈
♣♣♣♣≈..≈..≈≈≈....≈≈≈..≈
♣♣.≈≈............≈≈..≈≈


You could see a 16-headed hydra, mortress's ghost, a friendly bunyip (summoned),
a friendly tyrant leech (summoned) and a friendly spriggan rider (summoned).

Vanquished Creatures
  An Ice Fiend (IceCv)
  Jorgrun (Swamp:1)
  A deep elf blademaster (Elf:3)
  3 deep elf master archers (Elf:3)
  An acid blob (Slime:1)
  Agnes (Spider:1)
  Roxanne (Spider:3)
  Kirke (Lair:4)
  11 deep elf sorcerers
  A ghost moth (Spider:2)
  Louise (Swamp:1)
  4 orc warlords
  Aizul (Swamp:1)
  3 emperor scorpions
  The ghost of Rocask the Thaumaturge, a journeyman DEVM of Gozag (Orc:1)
  5 deep elf elementalists
  3 stone giants (Orc:2)
  A starcursed mass (Abyss:3)
  The ghost of SkiChan the Fighter, a journeyman MiFi of Okawaru (Lair:4)
  5 deep elf demonologists
  6 deep elf annihilators
  Azrael (D:12)
  4 bunyips
  A spark wasp (Spider:3)
  An entropy weaver (Spider:3)
  A minotaur (Gauntlet)
  8 deep elf death magi
  2 eleionomae
  4 fire dragons
  Fannar (D:11)
  Harold (D:9)
  A rakshasa (D:14)
  3 deep elf high priests (Elf:3)
  8 vault guards (D:14)
  12 hydras
  The ghost of sideus8 the Thaumaturge, a journeyman GrFE of Sif Muna (Lair:3)
  2 boulder beetles
  3 catoblepae (Lair:6)
  5 alligators
  2 centaur warriors
  A two-headed ogre (D:13)
  2 orc high priests
  2 tengu warriors (D:13)
  7 death yaks (Lair:6)
  Nergalle (Lair:3)
  17 deep elf knights
  2 fire crabs (Swamp:4)
  5 skeletal warriors (D:14)
  2 goliath frogs
  2 unseen horrors
  3 swamp dragons
  18 deep elf archers
  5 bog bodies
  A wolf spider zombie (D:13)
  Pikel (D:9)
  11 orb spiders
  A lindwurm (Lair:4)
  4 orc knights (Orc:2)
  63 deep elf magi
  An ugly thing (D:12)
  5 orc sorcerers
  3 will-o-the-wisps
  16 wolf spiders
  5 manticores
  2 cyclopes (D:14)
  9 elephants
  2 centaur zombies
  7 black mambas
  3 moths of wrath
  3 ice statues (IceCv)
  Psyche (D:12)
  A torpor snail (Spider:2)
  Maggie (D:7)
  15 cane toads
  5 gargoyles
  13 rime drakes
  2 anaconda simulacra (IceCv)
  10 komodo dragons
  2 tengu conjurers
  11 ice devils (IceCv)
  10 demonic crawlers
  A polar bear (Lair:6)
  3 meliai (Gauntlet)
  6 tyrant leeches
  2 trolls
  A jumping spider (shapeshifter) (D:14)
  7 raiju (Abyss:3)
  6 slime creatures (Lair:5)
  A hornet (shapeshifter) (Elf:2)
  11 hornets
  18 jumping spiders
  9 blink frogs (Lair:6)
  12 dream sheep
  18 tarantellas
  2 spriggans
  3 air elementals
  58 yaks
  3 water elementals
  3 small abominations (Abyss:3)
  3 shadows (Gauntlet)
  3 ynoxinuls
  43 redbacks
  A vampire (D:11)
  4 fire elementals
  3 wyverns
  A wraith (D:13)
  A chaos spawn (Abyss:3)
  2 hogs (Lair:4)
  Grum (D:8)
  2 basilisks
  9 steam dragons
  4 vampire mosquitoes (D:13)
  A swamp worm (shapeshifter) (D:12)
  3 harpy simulacra (IceCv)
  2 iron troll simulacra (IceCv)
  2 large abominations (Abyss:3)
  4 hydra simulacra
  An acid dragon (D:13)
  2 wargs (Orc:2)
  16 swamp worms
  5 hell hounds (D:11)
  11 swamp drakes
  21 water moccasins
  2 ice beasts
  4 black bears
  41 orc warriors
  3 necrophages
  An ettin simulacrum (IceCv)
  An eye of draining (D:14)
  4 phantoms
  A hornet zombie (D:10)
  3 sky beasts
  2 black mamba simulacra (Lair:3)
  16 ogres
  7 centaurs
  18 wolves
  2 big kobolds
  14 bullfrogs
  A cane toad simulacrum (Lair:3)
  2 earth elementals
  2 wyvern zombies
  4 scorpions
  A hornet simulacrum (D:14)
  4 killer bees
  10 wights
  2 howler monkeys
  3 electric eels
  5 jellies
  A lava snake (Swamp:4)
  3 bullfrog zombies
  3 hounds
  28 orc priests
  A water moccasin simulacrum (Lair:3)
  Crazy Yiuf (D:7)
  2 bullfrog skeletons
  2 iron imps (Gauntlet)
  8 iguanas
  Ijyb (D:3)
  4 hell rats (Lair:6)
  49 orc wizards
  12 worker ants
  A killer bee zombie (D:7)
  A polar bear simulacrum (Lair:3)
  2 worker ant zombies
  3 gnolls (D:10)
  A howler monkey skeleton (D:8)
  16 adders
  5 shadow imps
  A white imp (D:7)
  4 ufetubi
  An adder zombie (D:6)
  An adder skeleton (D:5)
  5 worms
  2 dart slugs
  9 leopard geckos
  164 orcs
  3 ball pythons
  3 giant cockroaches
  4 goblins
  7 hobgoblins
  17 jackals
  9 quokkas
  A ball python zombie (D:6)
  6 bats
  6 frilled lizards
  2 jackal skeletons
  15 kobolds
  A leopard gecko skeleton (D:5)
  A quokka skeleton (D:7)
  10 rats
  A butterfly (D:2)
1268 creatures vanquished.

Vanquished Creatures (collateral kills)
  4 hydras
  A swamp dragon (Swamp:4)
  A molten gargoyle (Swamp:4)
  A steam dragon (Swamp:4)
  A swamp drake (Swamp:4)
8 creatures vanquished.

Vanquished Creatures (others)
  A deep elf sorcerer (Elf:3)
  5 hydras (Swamp:4)
  17 dancing weapons
  2 deep elf knights
  A spriggan (Swamp:4)
  3 swamp dragons (Swamp:4)
  A lindwurm (Swamp:4)
  A deep elf mage (Elf:2)
  A rime drake (Lair:4)
  2 bloated husks
  A hornet (Swamp:4)
  A human (Lair:4)
  4 swamp drakes (Swamp:4)
  An ogre (Orc:1)
  An orc priest (Orc:2)
  A worker ant (D:9)
  2 orcs
  A kobold (D:13)
  10 foxfires
  46 fungi
  45 plants
147 creatures vanquished.

Grand Total: 1423 creatures vanquished

Notes
Turn   | Place    | Note
-------+----------+-------------------------------------------
     0 | D:1      | dickylongcocking the Troll Fighter began the quest for the
                  | Orb.
     0 | D:1      | Reached XP level 1. HP: 22/22 MP: 0/0
    69 | D:1      | Reached XP level 2. HP: 29/29 MP: 1/1
   478 | D:2      | Found a shimmering altar of Xom.
   489 | D:2      | Reached XP level 3. HP: 36/36 MP: 2/2
   500 | D:2      | You fall into a shaft and drop 1 floor!
   834 | D:3      | Noticed a centaur
   851 | D:3      | Killed a centaur
   852 | D:3      | Reached skill level 3 in Unarmed Combat
   852 | D:3      | Reached XP level 4. HP: 11/44 MP: 3/3
   852 | D:3      | Reached XP level 5. HP: 13/50 MP: 4/4
  1170 | D:2      | Found a glowing silver altar of Zin.
  1170 | D:2      | Found a snail-covered altar of Cheibriados.
  1526 | D:2      | Found a shadowy altar of Dithmenos.
  1785 | D:3      | Found an ornate altar of the Wu Jian Council.
  2085 | D:4      | Noticed Ijyb
  2265 | D:3      | Killed Ijyb
  2291 | D:4      | Reached skill level 4 in Unarmed Combat
  2291 | D:4      | Reached XP level 6. HP: 32/59 MP: 5/5
  3009 | D:5      | Entered Level 5 of the Dungeon
  3012 | D:5      | Found Taamaint's Distillery.
  3027 | D:5      | Reached XP level 7. HP: 48/66 MP: 6/6
  3072 | D:5      | Bought a potion of heal wounds for 75 gold pieces
  3214 | D:5      | Found Neqemp's Distillery.
  3984 | D:5      | Got a faintly humming robe
  3994 | D:5      | Identified the cursed +0 robe "Kelasotu" {rF+ rC- Str+3
                  | Int+3} (You found it on level 5 of the Dungeon)
  4052 | D:5      | Reached skill level 5 in Unarmed Combat
  4163 | D:5      | Reached XP level 8. HP: 37/75 MP: 7/7
  4455 | D:5      | Reached skill level 5 in Shields
  4679 | D:5      | Found Agyhure's Gadget Shoppe.
  4930 | D:6      | Found a snail-covered altar of Cheibriados.
  5000 | D:6      | Reached skill level 6 in Unarmed Combat
  5136 | D:6      | Reached skill level 5 in Dodging
  5634 | D:6      | Reached skill level 7 in Unarmed Combat
  5926 | D:6      | Found a glowing golden altar of the Shining One.
  5937 | D:6      | Found a bloodstained altar of Trog.
  5952 | D:7      | Found an opulent altar of Gozag.
  5961 | D:7      | Found a white marble altar of Elyvilon.
  5971 | D:7      | Became a worshipper of Gozag Ym Sagoz the Greedy
  6022 | D:7      | Reached XP level 9. HP: 83/83 MP: 8/8
  6040 | D:7      | Found a sacrificial altar of Ru.
  6040 | D:7      | Found a sparkling altar of Nemelex Xobeh.
  6040 | D:7      | Found an iron altar of Okawaru.
  6073 | D:7      | Found a staircase to the Ecumenical Temple.
  6134 | D:7      | Found a runed translucent door.
  6135 | D:7      | Noticed Crazy Yiuf
  6274 | D:7      | Found a bloodstained altar of Trog.
  6283 | D:7      | Reached skill level 1 in Stealth
  6291 | D:7      | Reached skill level 8 in Unarmed Combat
  6466 | D:7      | Noticed Maggie
  6477 | D:7      | Killed Maggie
  6756 | D:7      | Killed Crazy Yiuf
  6800 | D:8      | Noticed Grum
  6911 | D:8      | Killed Grum
  7130 | D:8      | Reached skill level 9 in Unarmed Combat
  7213 | D:8      | Found Tucketar's Magic Scroll Shoppe.
  7257 | D:8      | Found a staircase to the Lair.
  7531 | D:8      | Found an ancient bone altar of Kikubaaqudgha.
  7692 | D:9      | Reached XP level 10. HP: 92/92 MP: 9/9
  7755 | D:9      | Noticed Harold
  7779 | D:9      | Killed Harold
  7780 | D:9      | Reached skill level 10 in Unarmed Combat
  8057 | D:9      | Noticed Pikel
  8063 | D:9      | Killed Pikel
  8228 | D:9      | Found Jirecwua's Assorted Antiques.
  8580 | D:10     | Entered Level 10 of the Dungeon
  8732 | D:10     | Killed an unseen horror
  8733 | D:10     | Reached skill level 11 in Unarmed Combat
  8862 | D:10     | Found a glowing silver altar of Zin.
  8996 | D:10     | Reached XP level 11. HP: 96/98 MP: 10/10
  9034 | D:10     | Found a staircase to the Orcish Mines.
  9588 | D:10     | Found a stormy altar of Qazlal.
  9965 | D:11     | Found Vikk's Gadget Shoppe.
 10167 | D:11     | Noticed Fannar
 10189 | D:11     | Killed Fannar
 10376 | D:11     | Reached skill level 12 in Unarmed Combat
 10585 | D:12     | Found Malozeof's Magic Scroll Emporium.
 10623 | D:12     | Noticed a purple ugly thing
 10636 | D:12     | Killed a purple ugly thing
 10800 | D:12     | Noticed Psyche
 10805 | D:12     | Killed Psyche
 10842 | D:12     | Found Yrphairu's Gadget Boutique.
 11558 | D:12     | Noticed Azrael
 11578 | D:11     | HP: 4/100 [hell hound[Azrael] (5)]
 12149 | D:12     | Killed Azrael
 12150 | D:12     | Reached skill level 13 in Unarmed Combat
 12244 | D:12     | Reached XP level 12. HP: 97/107 MP: 11/11
 12596 | D:13     | Noticed a boulder beetle
 12600 | D:13     | Noticed a centaur warrior
 12613 | D:12     | Killed a boulder beetle
 12625 | D:12     | Killed a centaur warrior
 12841 | D:12     | Bought the cursed +0 hat "Tyriskusk" {Slay+3} for 309 gold
                  | pieces
 13281 | D:13     | Noticed a two-headed ogre
 13343 | D:13     | Killed a two-headed ogre
 13461 | D:13     | Noticed a tengu warrior
 13499 | D:13     | Killed a tengu warrior
 13500 | D:13     | Reached skill level 14 in Unarmed Combat
 13739 | D:13     | Noticed a tengu warrior
 13774 | D:13     | Killed a tengu warrior
 13958 | D:14     | Noticed a centaur warrior
 13966 | D:14     | Killed a centaur warrior
 14029 | D:14     | Noticed a rakshasa
 14032 | D:14     | Noticed a seven-headed hydra
 14047 | D:14     | Killed a rakshasa
 14048 | D:14     | Reached XP level 13. HP: 95/117 MP: 12/12
 14201 | D:14     | Found a sparkling altar of Nemelex Xobeh.
 14205 | D:14     | Found a gate to the Vaults.
 14258 | D:14     | Reached skill level 10 in Shields
 14505 | D:14     | Reached skill level 15 in Unarmed Combat
 14513 | D:14     | Reached skill level 1 in Evocations
 14606 | D:14     | Reached skill level 1 in Throwing
 15482 | D:15     | Entered Level 15 of the Dungeon
 15542 | D:15     | Found a gate leading to a gauntlet.
 15551 | Gauntlet | Entered a Gauntlet
 15551 | Gauntlet | Found a transporter.
 15561 | Gauntlet | Found a transporter.
 15568 | Gauntlet | Found a runed translucent door.
 15571 | Gauntlet | Found a transporter.
 15580 | Gauntlet | Found a transporter.
 15594 | Gauntlet | Noticed a dire elephant
 15595 | Gauntlet | Found a transporter.
 15624 | Gauntlet | Found a transporter.
 15634 | Gauntlet | Found a transporter.
 15639 | Gauntlet | Found a transporter.
 15639 | Gauntlet | Found a transporter.
 15665 | Gauntlet | Found a runed translucent door.
 15667 | Gauntlet | Found a transporter.
 15667 | Gauntlet | Found a transporter.
 15670 | Gauntlet | Found a runed translucent door.
 15722 | Gauntlet | Found a transporter.
 15734 | Gauntlet | Found a transporter.
 15750 | Gauntlet | Found a transporter.
 15931 | Gauntlet | Reached skill level 5 in Fighting
 15964 | Gauntlet | Identified the Papyrus of Igneous Darkness
 16076 | Gauntlet | Got a sparkling platinum ring
 16078 | Gauntlet | Identified the ring "Zaocab" {+Inv rF+ MP+9 Str+3} (You
                  | found it in a Gauntlet)
 16143 | Gauntlet | Noticed a minotaur
 16151 | Gauntlet | Killed a minotaur
 16908 | Orc:1    | Entered Level 1 of the Orcish Mines
 17002 | Orc:1    | Found Ogammuhu's Jewellery Emporium.
 17065 | Orc:1    | Noticed an orc warlord
 17103 | Orc:1    | Killed an orc warlord
 17289 | Orc:2    | Entered Level 2 of the Orcish Mines
 17318 | Orc:2    | Reached XP level 14. HP: 118/127 MP: 13/13
 17362 | Orc:2    | Noticed an orc warlord
 17560 | Orc:1    | Killed an orc warlord
 17871 | Orc:2    | Noticed a stone giant
 17887 | Orc:2    | Killed a stone giant
 18018 | Orc:2    | Noticed a stone giant
 18024 | Orc:2    | Killed a stone giant
 18025 | Orc:2    | Reached skill level 16 in Unarmed Combat
 18058 | Orc:2    | Noticed an orc warlord
 18064 | Orc:2    | Noticed a stone giant
 18095 | Orc:2    | Killed a stone giant
 18408 | Orc:2    | Found a staircase to the Elven Halls.
 18537 | Orc:2    | Found a roughly hewn altar of Beogh.
 18616 | Orc:2    | Noticed an orc warlord
 18622 | Orc:2    | Gained mutation: Your body sometimes deteriorates upon
                  | taking damage. [a neqoxec]
 18787 | Orc:2    | Killed an orc warlord
 19160 | Orc:2    | Found Unef's Antique Armour Shop.
 19161 | Orc:2    | Found a roughly hewn altar of Beogh.
 19162 | Orc:2    | Found Iharyomi's Antique Weapon Boutique.
 19169 | Orc:2    | Bought a runed tower shield for 225 gold pieces
 19252 | Orc:2    | Found a roughly hewn altar of Beogh.
 19253 | Orc:2    | Found Moonos's Armour Shop.
 19262 | Orc:2    | Gained mutation: You tend to lose your temper in combat. [a
                  | neqoxec]
 19289 | Orc:2    | Lost mutation: You tend to lose your temper in combat.
                  | [potion of mutation]
 19289 | Orc:2    | Lost mutation: Your body sometimes deteriorates upon taking
                  | damage. [potion of mutation]
 19289 | Orc:2    | Gained mutation: You passively map a small area around you.
                  | [potion of mutation]
 19289 | Orc:2    | Gained mutation: You expend magic power (3 MP) to
                  | strengthen your wands. [potion of mutation]
 19289 | Orc:2    | Gained mutation: You are partially covered in thin metallic
                  | scales. (AC +2) [potion of mutation]
 19289 | Orc:2    | Gained mutation: You can translocate small distances at
                  | will. [potion of mutation]
 19401 | Orc:2    | Found a roughly hewn altar of Beogh.
 19407 | Orc:2    | Found Hiem's Antique Weapon Shoppe.
 19414 | Orc:2    | Killed an orc warlord
 20055 | Orc:1    | Found a runed translucent door.
 20079 | Orc:1    | Noticed Rocask's ghost (journeyman DEVM)
 20155 | Orc:1    | Killed Rocask's ghost
 20156 | Orc:1    | Reached skill level 10 in Dodging
 20311 | Elf:1    | Entered Level 1 of the Elven Halls
 20427 | Lair:1   | Entered Level 1 of the Lair of Beasts
 20520 | Lair:1   | Found a snail-covered altar of Cheibriados.
 21532 | Lair:2   | Found a hole to the Spider Nest.
 21908 | Lair:2   | Bought a potion of heal wounds for 160 gold pieces
 21908 | Lair:2   | Bought a scroll of blinking for 240 gold pieces
 21926 | Lair:3   | Noticed Nergalle
 21937 | Lair:3   | Killed Nergalle
 22196 | Lair:3   | Found a staircase to the Swamp.
 22223 | Lair:3   | Reached skill level 17 in Unarmed Combat
 22492 | Lair:3   | Found a runed translucent gate.
 22492 | Lair:3   | Found a runed translucent gate.
 22492 | Lair:3   | Found a runed translucent gate.
 22657 | Lair:3   | Reached XP level 15. HP: 133/133 MP: 14/14
 22749 | Lair:3   | Noticed sideus8's ghost (journeyman GrFE)
 22843 | Lair:3   | Killed sideus8's ghost
 23528 | Lair:4   | Noticed Kirke
 23544 | Lair:4   | Killed Kirke
 23562 | Lair:4   | Found a runed translucent door.
 23656 | Lair:4   | Bought 2 scrolls labelled ILAAWY YQYG for 66 gold pieces
 23952 | Lair:4   | Noticed SkiChan's ghost (journeyman MiFi)
 24211 | Lair:4   | Killed SkiChan's ghost
 24312 | Lair:5   | Found a viscous altar of Jiyva.
 24312 | Lair:5   | Found a staircase to the Slime Pits.
 24958 | Lair:6   | Entered Level 6 of the Lair of Beasts
 25833 | Lair:6   | Reached skill level 18 in Unarmed Combat
 26225 | Lair:6   | Reached XP level 16. HP: 144/144 MP: 15/15
 26357 | Lair:6   | Bought a scroll of acquirement for 728 gold pieces
 26359 | Lair:6   | Acquired 1234 gold pieces
 26909 | Elf:1    | Found Icviez's Assorted Antiques.
 26945 | Elf:1    | Acquired 896 gold pieces
 27040 | Elf:1    | Found Hapliaf's General Store.
 27049 | Elf:1    | Bought a scroll of enchant armour for 127 gold pieces
 27284 | Elf:1    | Identified Zeanurur's Catalogue of Calling
 27387 | Elf:1    | Found a portal to a secret trove of treasure.
 27389 | Elf:1    | Found Qadicoe's Antique Weapon Emporium.
 28027 | Elf:1    | Found Juaskof's General Store.
 28386 | Elf:2    | Found a runed translucent gate.
 28386 | Elf:2    | Found a runed translucent gate.
 28386 | Elf:2    | Found a runed translucent gate.
 28390 | Elf:2    | Reached skill level 19 in Unarmed Combat
 28435 | Elf:2    | HP: 8/216 [+3 long sword of electrocution (14)]
 29020 | Elf:2    | Reached XP level 17. HP: 152/152 MP: 16/16
 29271 | Elf:3    | Entered Level 3 of the Elven Halls
 29698 | Elf:3    | Cast into level 3 of the Abyss (a deep elf sorcerer)
 29854 | Elf:3    | Escaped the Abyss
 29854 | Elf:3    | Noticed a deep elf blademaster
 30153 | Elf:3    | Killed a deep elf blademaster
 30532 | Elf:3    | Identified the +10 flail of Xoicacag {pain, rF+}
 30532 | Elf:3    | Noticed a deep elf master archer
 30546 | Elf:3    | Killed a deep elf master archer
 30800 | Elf:3    | Identified the +3 morningstar of Arbitration {speed, Str+6}
 30811 | Elf:3    | Identified the +0 robe of Giypiulo {rC+++ Int+4 Dex-3}
 30822 | Elf:3    | Reached skill level 20 in Unarmed Combat
 30912 | Elf:3    | Noticed a deep elf master archer
 30917 | Elf:3    | Killed a deep elf master archer
 30919 | Elf:3    | Noticed a deep elf master archer
 30925 | Elf:3    | Killed a deep elf master archer
 30945 | Elf:3    | Identified the +2 flail of Qifotiv {vorpal, Str+3}
 31021 | Elf:3    | Identified the cursed +3 halberd of Instinct {flame,
                  | *Contam +Fly rPois Stlth+}
 31047 | Elf:3    | Reached XP level 18. HP: 66/159 MP: 17/17
 31317 | Elf:3    | Identified the +9 glaive "Erohofea" {venom, +Inv rN+ Str-2
                  | Stlth+}
 32142 | Swamp:1  | Entered Level 1 of the Swamp
 32142 | Swamp:1  | Noticed Louise
 32151 | Swamp:1  | Killed Louise
 32157 | Swamp:1  | Noticed Jorgrun
 32170 | Swamp:1  | Killed Jorgrun
 32171 | Swamp:1  | Reached skill level 5 in Stealth
 32364 | Swamp:1  | Noticed Aizul
 32378 | Swamp:1  | Killed Aizul
 32950 | Slime:1  | Entered Level 1 of the Pits of Slime
 33103 | Lair:5   | Upgraded the game from 0.27-a0-92-g39ad13b146 to
                  | 0.27-a0-93-g19769c27d7
 33272 | Spider:1 | Entered Level 1 of the Spider Nest
 33277 | Spider:1 | Noticed Agnes
 33295 | Spider:1 | Killed Agnes
 33379 | Spider:1 | Reached skill level 1 in Armour
 33678 | Spider:1 | Reached skill level 15 in Shields
 34303 | Spider:2 | Reached skill level 21 in Unarmed Combat
 34344 | Spider:2 | Found a frozen archway.
 34404 | IceCv    | Entered an ice cave
 34873 | IceCv    | Noticed an Ice Fiend
 34885 | IceCv    | Killed an Ice Fiend
 35035 | IceCv    | Got a smoking kite shield
 35045 | IceCv    | Identified the +5 kite shield of Sif Muna's Whim {+Blink
                  | +Fly Int-2 SInv} (You found it in an ice cave)
 35991 | Spider:3 | Paralysed by a hornet for 2 turns
 36209 | Spider:3 | Noticed Roxanne
 37065 | Spider:3 | Killed Roxanne
 37580 | Spider:4 | Entered Level 4 of the Spider Nest
 37621 | Spider:3 | Reached XP level 19. HP: 153/167 MP: 18/18
 37849 | Swamp:1  | Identified the amulet "Daner" {rPois Regen+ Str+8 Dex-2}
                  | (You found it on level 1 of the Swamp)
 38193 | Swamp:2  | Found a runed translucent gate.
 38193 | Swamp:2  | Found a runed translucent gate.
 38193 | Swamp:2  | Found a runed translucent gate.
 38306 | Swamp:2  | Noticed Pajeoledgh's ghost (adept DDFi)
 39071 | Swamp:3  | Identified the cursed +0 spear "Ysuxkosh" {distort, rF-
                  | Dex+9}
 39073 | Swamp:3  | Found a transporter.
 39077 | Swamp:3  | Noticed SkiChan's ghost (adept MiBe)
 39120 | Swamp:3  | Found a one-way gate to the infinite horrors of the Abyss.
 39136 | Swamp:3  | Noticed a hellephant
 39158 | Swamp:3  | Found a transporter.
 39359 | Swamp:4  | Entered Level 4 of the Swamp
 40018 | Swamp:4  | Got a decaying rune of Zot
 40313 | Swamp:4  | Found a runed translucent gate.
 40313 | Swamp:4  | Found a runed translucent gate.
 40313 | Swamp:4  | Found a runed translucent gate.
 40359 | Swamp:4  | Noticed mortress's ghost (adept GnTm)
 40412 | Swamp:4  | HP: 8/174 [16-headed hydra (6)]
 40412 | Swamp:4  | Slain by a 16-headed hydra

Illustrated notes

Levels and vault maps discovered:
D:1:      dpeg_arrival_tiny_g, layout_rooms
D:2:      layout_rooms, xom_butterflies, gammafunk_temple_overflow_elements,
          grunt_dithmenos_smoke_and_mirrors, minmay_misc_feat_square
D:3:      layout_basic, lemuel_crystal_altar
D:4:      layout_rooms, serial_forest, infiniplex_forest_lined_3,
          infiniplex_forest_clump_tiny, infiniplex_forest_straight_4,
          infiniplex_forest_lined_1, infiniplex_forest_straight_2,
          infiniplex_forest_zigzag_2, infiniplex_forest_lined_corner,
          infiniplex_forest_lined_3_way, infiniplex_forest_end_3, uniq_ijyb
D:5:      kennysheep_windowed_halls, layout_layer_cave, serial_shops,
          nicolae_shop_crystal, kennysheep_little_box, shop,
          kennysheep_pointless_box
D:6:      minmay_inner_zag, layout_basic, amethyst_overflow_temple_binary,
          basic_altar, minmay_misc_feat_x, hex_large, hangedman_decor_riveting
D:7:      layout_gridville, lemuel_round_altar,
          chequers_temple_overflow_statue_of_worship, elyvilon_altar_5,
          minmay_temple_entry_enclosed_plants, trog_ov_bears_minmay,
          uniq_maggie, uniq_crazy_yiuf_cottage
D:8:      layout_gridville, lemuel_crystal_altar, lair_entry_dummy,
          enter_bailey_2, serial_shops, shop, serial_rivers,
          chequers_serial_rivers_micro_d, chequers_serial_rivers_micro_c,
          chequers_serial_rivers_room_b, chequers_serial_rivers_micro_e,
          chequers_serial_rivers_micro_e, uniq_grum
D:9:      layout_basic, serial_shops,
          nicolae_shop_temple_entry_statues_fountains, nicolae_benzene_ring,
          uniq_harold, uniq_pikel
D:10:     layout_loops_ring, hiddenorc2_lemuel, basic_altar,
          nicolae_qazlal_eye_of_the_storm
D:11:     layout_loops_corners, serial_shops, shop_statue, uniq_fannar
D:12:     layout_basic, serial_shops, shop_fountains, shop_statue, uniq_azrael,
          uniq_psyche
D:13:     layout_rooms, serial_corexii_hall, chequers_hall_statues_wall_a,
          chequers_hall_statues_y
D:14:     layout_gridville, erik_vaults_2, nemelex_xobeh_ov_fountains_minmay
D:15:     hangedman_depths_entry_civil_slaughter, layout_rooms, basic_altar,
          gauntlet_entry_generic, roderic_lattice_a
Lair:1:   minmay_lair_venomous_thicket, layout_chaotic_city, basic_altar,
          grunt_megastairs_5
Lair:2:   layout_regular_city, nicolae_spider_entry_orb_guardian
Lair:3:   dpeg_oklob_shooting_range, layout_loops_ring,
          minmay_swamp_entry_reptiles, gammafunk_ghost_icy,
          serial_bayou_lagoon_b, uniq_nergalle
Lair:4:   layout_long_grid, ebering_ghost_reflecting_pool,
          chequers_serial_rivers_room_b, wad_woods_river_04,
          bobbens_dragon_lair_wall, uniq_kirke
Lair:5:   layout_regular_city, slime_altar_1, chequers_serial_rivers_micro_c
Lair:6:   evilmike_catoblepas_cave, layout_big_grid
Swamp:1:  layout_falls_marsh, nicolae_swamp_trees_clearing, uniq_jorgrun,
          uniq_aizul, uniq_louise
Swamp:2:  layout_falls_marsh, gammafunk_ghost_hydra_chop,
          nicolae_swamp_feature_on_the_river_bank, swamp_pool5
Swamp:3:  layout_basic_swamp, gammafunk_ghost_abyssal_escape,
          evilmike_swamp_ruin_house_2
Swamp:4:  swamp_fiery, layout_basic_swamp, gammafunk_ghost_hydra_chop,
          swamp_pool3, infiniplex_staircase_pool
Spider:1: layout_spider_delve, uniq_agnes
Spider:2: layout_spider_delve, portal_ice_cave_entry_pillars_three
Spider:3: layout_spider_delve, nicolae_spider_webs_and_nodes,
          nicolae_crawler_farm, uniq_roxanne
Spider:4: grunt_spider_rune_circles, nicolae_arachne_temple
Slime:1:  layout_caves, cheibrodos_slime_lost_civilization_4
Orc:1:    layout_caves, serial_shops, nicolae_shop_statue_plus,
          ebering_ghost_inner_flame
Orc:2:    grunt_orc_community_town_hall, layout_caves,
          grunt_orc_community_big_house_1, grunt_orc_community_big_house_1,
          grunt_orc_community_house_1, grunt_orc_community_house_3,
          grunt_orc_community_house_2, grunt_orc_community_house_3,
          grunt_orc_community_house_3
Elf:1:    minmay_elf_arrival_circle, layout_geoelf_octagon,
          nicolae_trove_entry_crossroad, serial_shops, nicolae_shop_crystal,
          nicolae_shop_behind_doors, nicolae_shop_overgrown_old_shop, shop,
          minmay_elf_demonology, minivault_14, hex_tiny
Elf:2:    layout_onion_city
Elf:3:    minmay_elf_hall_furrowed, layout_geoelf_octagon

Skill      XL: |  1  2  3  4  5  6  7  8  9 10 11 12 13 14 15 16 17 18 19 |
---------------+----------------------------------------------------------+-----
Shields        | 3 4 5 6 7 8 9 10 11 12 13 14 15 | 15.2
Dodging        | 3 4 5 6 7 9 10 11 12 | 12.7
Unarmed Combat | 3 4 5 7 9 11 13 14 15 17 18 19 20 21 | 21.6
Fighting       | 3 4 5 6 7 |  7.7
Stealth        | 1 2 3 4 5 |  5.1
Evocations     | 1 2 4 |  4.6
Throwing       | 1 2 3 |  3.4
Armour         | 3 |  3.1

Action                   |  1- 3 |  4- 6 |  7- 9 | 10-12 | 13-15 | 16-18 | 19-21 || total
-------------------------+-------+-------+-------+-------+-------+-------+-------++-------
Melee: Unarmed           |   165 |   232 |   383 |   777 |  1313 |  1330 |   185 ||  4385
Throw: Javelin           |       |       |       |       |    13 |    14 |       ||    27
       Large rock        |       |       |       |       |     6 |    44 |     6 ||    56
Invok: Call Merchant     |       |       |       |     2 |     2 |     2 |       ||     6
 Abil: Evoke Invisibilit |       |       |       |       |     1 |       |       ||     1
Evoke: Wand              |       |       |       |       |    21 |    14 |    15 ||    50
       Phantom mirror    |       |       |       |       |     3 |     3 |     1 ||     7
  Use: Potion            |       |     3 |     2 |     4 |     8 |     9 |     2 ||    28
       Scroll            |       |       |     8 |     3 |    27 |    10 |     5 ||    53
 Stab: Sleeping          |       |     1 |     2 |     6 |     9 |     3 |       ||    21
       Distracted        |       |       |     1 |     5 |    20 |     9 |       ||    35
       Invisible         |       |       |       |       |     9 |     2 |       ||    11
       Fleeing           |       |       |       |       |     1 |       |       ||     1
Armor: Robe              |    76 |    99 |    54 |    14 |       |       |       ||   243
       Skin              |       |       |    11 |     3 |    26 |    11 |       ||    51
       Steam dragon scal |       |       |    24 |   162 |   136 |    63 |       ||   385
       Ice dragon scales |       |       |       |       |       |   152 |   127 ||   279
Dodge: Dodged            |    60 |    82 |   157 |   246 |   344 |   327 |    80 ||  1296
Block: Kite shield       |   102 |   112 |   205 |   429 |   376 |       |       ||  1224
       Reflection        |       |       |       |    12 |    35 |   101 |    12 ||   160
       Tower shield      |       |       |       |       |   959 |  1643 |   249 ||  2851

Table legend: (Time is in decaauts)
 A = Elapsed time spent in this place.
 B = Non-inter-level travel time spent in this place.
 C = Inter-level travel time spent in this place.
 D = Time resting spent in this place.
 E = Time spent auto-exploring this place.
 F = Levels seen in this place.
 G = Mean time per level.
                   A        B        C        D        E       F      G
               +--------+--------+--------+--------+--------+-----+--------+
         Total |  39790 |  36577 |   3213 |   6354 |  21194 |  38 | 1047.1 |
       Dungeon |  16433 |  14868 |   1565 |   2896 |   8606 |  15 | 1095.5 |
          Lair |   6515 |   5820 |    695 |    372 |   4253 |   6 | 1085.8 |
         Swamp |   3083 |   2931 |    152 |    215 |   2101 |   4 |  770.8 |
   Spider Nest |   3585 |   3467 |    118 |    840 |   1619 |   4 |  896.2 |
    Slime Pits |     20 |     20 |      0 |      0 |      0 |   1 |   20.0 |
  Orcish Mines |   3687 |   3281 |    406 |    823 |   1550 |   2 | 1843.5 |
   Elven Halls |   4978 |   4703 |    275 |    885 |   2503 |   3 | 1659.3 |
         Abyss |    134 |    134 |      0 |      4 |      0 |   1 |  134.0 |
      Ice Cave |    670 |    670 |      0 |    199 |    214 |   1 |  670.0 |
      Gauntlet |    679 |    679 |      0 |    119 |    346 |   1 |  679.0 |
               +--------+--------+--------+--------+--------+-----+--------+

Top non-repeatable levels by time:
   Elf:3: 2403 daAuts
   Orc:2: 2352 daAuts
     D:5: 2027 daAuts
    D:11: 2008 daAuts
Spider:2: 1603 daAuts
    D:14: 1583 daAuts
    D:12: 1550 daAuts
   Elf:1: 1428 daAuts
   Orc:1: 1335 daAuts
  Lair:4: 1308 daAuts
  Lair:3: 1236 daAuts
     D:3: 1203 daAuts
    D:10: 1193 daAuts
Spider:3: 1158 daAuts
  Lair:5: 1150 daAuts
